 Dungeon Crawl Stone Soup version 0.31.0 (webtiles) character file.

Game seed: 10818228351653621094

33 qw the Shooter (level 3, -3/22 HPs)
             Began as a Gargoyle Hunter on Jan 20, 2024.
             Slain by a goblin
             ... wielding a +0 club
             ... led by Robin
              (4 damage)
             ... on level 2 of the Dungeon.
             The game lasted 00:00:02 (691 turns).

qw the Shooter (Gargoyle Hunter)                     Turns: 691, Time: 00:00:03

Health: -3/22      AC:  6    Str: 14    XL:     3   Next: 29%
Magic:  3/3        EV: 11    Int:  9    God:
Gold:   64         SH:  0    Dex: 15    Spells: 2/2 levels left

rFire   . . .        f - +0 arbalest
rCold   . . .        (shield currently unavailable)
rNeg    + . .        c - +0 leather armour
rPois   inf          (no helmet)
rElec   +            (no cloak)
rCorr   .            (no gloves)
SInv    .            (no boots)
Will    .....        a - amulet of faith
Stlth   ++           (no ring)
HPRegen 0.23/turn    (no ring)
MPRegen 0.08/turn

%: faith
@: no status effects
A: sickness immunity, AC +3, negative energy resistance 1, electricity
resistance, torment resistance 1, petrification resistance
a: no special abilities


You were on level 2 of the Dungeon.
You visited 1 branch of the dungeon, and saw 2 of its levels.

You collected 64 gold pieces.


Innate Abilities, Weirdness & Mutations

You are immune to sickness and miasma.
Your stone body is resilient. (AC +3)
You are immune to poison.
You resist negative energy. (rN+)
You are resistant to electric shocks. (rElec)
You are resistant to unholy torment.
You are immune to petrification.


   Skills:
 + Level 2.4 Fighting
 - Level 5.0 Ranged Weapons
 - Level 1.5 Dodging
 - Level 1.1 Stealth


You had 2 spell levels left.
You didn't know any spells.
Your spell library was empty.

Inventory:

Hand Weapons
 f - a +0 arbalest (weapon)
Armour
 c - a +0 leather armour (worn)
Jewellery
 a - an amulet of faith (around neck)
Scrolls
 b - a scroll of identify {unknown}
 d - a scroll of teleportation {unknown}
 e - a scroll of vulnerability {unknown}
Potions
 g - a potion of heal wounds {unknown}
 h - a potion of brilliance {unknown}
 i - 2 potions of curing {unknown}

Dungeon Overview and Level Annotations

Branches:
Dungeon (2/15)

Altars:

Annotations:
D:2 Robin


Message History

The goblin hits you but does no damage. The goblin closely misses you.
The goblin hits you but does no damage.
You shoot a bolt. The rat squeaks loudly.
The jackal barks!
The bolt hits the goblin!
You kill the goblin!
The goblin hits you but does no damage. The goblin barely misses you.
The goblin hits you but does no damage. x3; The goblin hits you with a +0 club. x2
The goblin barely misses you. x2
You shoot a bolt. The bolt closely misses the goblin.
A goblin comes into view. It is wielding a +0 dagger.
The goblin closely misses you. x2; The goblin hits you but does no damage.
The goblin hits you with a +0 club.
A goblin comes into view. It is wielding a +0 club.
The goblin hits you but does no damage.
You shoot a bolt. The goblin shouts!
The bolt hits the goblin!
You kill the goblin!
The goblin barely misses you. The goblin hits you with a +0 club.
The goblin barely misses you. The goblin closely misses you.
A dart slug comes into view.
The goblin hits you with a +0 dagger of electrocution.
The goblin barely misses you. x2; The hobgoblin hits you.
The goblin hits you but does no damage.
You shoot a bolt. The bolt hits the hobgoblin.
The hobgoblin is moderately wounded.
The goblin barely misses you. The hobgoblin closely misses you.
The goblin closely misses you. The goblin hits you with a +0 club.
Robin roars a battlecry!
The goblins go into a battle-frenzy!
The hobgoblin barely misses you. The goblin hits you but does no damage.
The goblin barely misses you. The hobgoblin barely misses you. x2
The goblin barely misses you.
The goblin hits you with a +0 dagger of electrocution.
The goblin closely misses you.
You shoot a bolt. The bolt closely misses the hobgoblin.
The hobgoblin hits you. The goblin misses you.
The goblin hits you with a +0 club. x2
You die...

.. .... ).. #. ... ..
#.#... w. #..#.. g#
####...# r# #
.......###h#.##
#...##ggg..#
######....g@g%#
.......#.##gg.#
.......#.##...#
##?...#.###### .
#....#..# ##..
#.....#........
###.....####......##.
.....................
..#.>......#####.....


You could see Robin, a dart slug, a jackal, 2 hobgoblins, 5 goblins and a rat.

Vanquished Creatures
  A ribbon worm (D:2)
  2 ball pythons
  An endoplasm (D:2)
  A giant cockroach (D:1)
  7 goblins (D:2)
  3 hobgoblins
  4 quokkas
  3 bats
  A frilled lizard (D:2)
  2 kobolds
  A rat (D:1)
26 creatures vanquished.

Notes
Turn   | Place    | Note
-------+----------+-------------------------------------------
     0 | D:1      | qw the Gargoyle Hunter began the quest for the Orb.
     0 | D:1      | Reached XP level 1. HP: 12/12 MP: 1/1
     0 | D:1      | 0 ||| qw: Version: 0.3-a-132-g3d54051
     0 | D:1      | 0 ||| qw: Game counter: 513
     0 | D:1      | 0 ||| qw: Melee chars always use a shield: true
     0 | D:1      | 0 ||| qw: God list: Okawaru
     0 | D:1      | 0 ||| qw: Allow faded altars: false
     0 | D:1      | 0 ||| qw: Do Orc after clearing Dungeon:15 true
     0 | D:1      | 0 ||| qw: Do second Lair branch before Depths: true
     0 | D:1      | 0 ||| qw: Lair rune preference: random
     0 | D:1      | 0 ||| qw: Goals: Normal
     0 | D:1      | 0 ||| PLANNING D:1-11
   219 | D:1      | Found a faded altar of an unknown god.
   233 | D:1      | 233 ||| SWAPPING to +0 arbalest.
   236 | D:1      | 236 ||| DROPPING +0 shortbow.
   264 | D:1      | Reached XP level 2. HP: 17/17 MP: 2/2
   497 | D:1      | 497 ||| UPGRADING to amulet of faith.
   502 | D:1      | 502 ||| READING scroll labelled UMOGUY QOWEFFE.
   503 | D:1      | 503 ||| READING 2 scrolls labelled QODUHY HOFA.
   504 | D:1      | 504 ||| DROPPING scroll of butterflies.
   505 | D:1      | 505 ||| DROPPING scroll of blinking.
   622 | D:2      | Reached XP level 3. HP: 21/21 MP: 3/3
   681 | D:2      | Reached skill level 5 in Ranged Weapons
   684 | D:2      | Noticed Robin
   691 | D:2      | HP: 3/22 [hobgoblin[Robin] (4)]
   691 | D:2      | HP: 1/22 [goblin/+0 club[Robin] (2)]
   691 | D:2      | Slain by a goblin

Levels and vault maps discovered:
D:1:      saegor_arrival_miasma, layout_loops_ring,
          shapermc_ecumenical_altar_rom_forum
D:2:      layout_rooms, minmay_circle_x, uniq_crazy_yiuf_cottage, uniq_robin

Skill      XL: |  1  2  3 |
---------------+----------+-----
Ranged Weapons | 5 |  5.0
Fighting       | |  2.4
Dodging        | |  1.5
Stealth        | |  1.1

Action                     || total
---------------------------++-------
   Fire: Shortbow          ||    16
         Arbalest          ||    45
    Use: Scroll            ||     2
 Armour: Leather armour    ||    34
  Dodge: Dodged            ||    44

Table legend:
 A = Non-vault XP
 B = Vault XP
 C = Vault XP percentage of total XP
 D = Non-vault monster count
 E = Vault monster count
 F = Vault count percentage of total count
                 A         B        C        D         E       F
            +---------+---------+-------+---------+---------+-------
      Total |      29 |      19 |  39.6 |      17 |       9 |  34.6
            +---------+---------+-------+---------+---------+-------
        D:1 |      18 |       0 |   0.0 |      11 |       0 |   0.0
        D:2 |      11 |      19 |  63.3 |       6 |       9 |  60.0
            +---------+---------+-------+---------+---------+-------
